Map: Cyber Forest LE

Players

ProPaine - Winner!

  • Race: Protoss Protoss
  • League: Diamond
  • Spawn Location: 11:00

MiuGu

  • Race: Zerg Zerg
  • League: Platinum
  • Spawn Location: 5:00

VOD

Have the link to the VOD?

Description

Time

  • Played on: May 12, 2019, 2:25 p.m.
  • Length: 25:06
Show
View Real Time Build Order
Export as new Build Order

ProPaine Protoss - Winner!

Build Orders: Carriers 

Get SALT Encoding   

  12  0:01  Probe  
  13  0:13  Probe  
  14  0:17  Pylon  
  14  0:25  Probe  
  15  0:35  Gateway  
  15  0:38  Probe  
  16  0:45  Assimilator  
  16  0:50  Probe  
  17  1:03  Probe  
  18  1:07  Pylon  
  18  1:15  Probe  
  19  1:23  Cybernetics Core  
  19  1:28  Pylon  
  19  1:33  Pylon  
  19  1:34  Zealot  
  19  1:35  Probe  
  19  1:39  Pylon  
  23  1:47  Probe  
  23  1:50  Stalker  
  23  2:00  Warp Gate  
  25  2:04  Probe  
  26  2:11  Stalker  
  26  2:16  Probe  
  29  2:28  Probe  
  30  2:40  Probe, Stalker  
  33  2:45  Pylon  
  33  2:52  Probe  
  34  3:02  Stalker  
  34  3:04  Probe  
  37  3:16  Probe  
  38  3:21  Nexus  
  38  3:28  Probe  
  38  3:30  Stalker  
  38  3:33  Assimilator  
  41  3:40  Pylon, Probe  
  42  3:43  Pylon  
  42  3:53  Probe  
  43  4:05  Probe  
  43  4:07  Forge  
  43  4:08  Gateway  
  44  4:16  Zealot  
  46  4:19  Probe  
  47  4:26  Twilight Council  
  47  4:31  Probe  
  47  4:32  Probe  
  49  4:40  Probe  
  49  4:43  Probe  
  49  4:45  Protoss Shields Level 1  
  51  4:52  Probe  
  51  4:55  Photon Cannon, Probe  
  51  4:59  Photon Cannon  
  53  5:04  Probe  
  54  5:08  Probe  
  54  5:10  Charge  
  55  5:14  Photon Cannon  
  55  5:16  Probe  
  55  5:19  Photon Cannon  
  55  5:20  Probe  
  57  5:28  Probe  
  57  5:32  Probe  
  57  5:34  Photon Cannon  
  59  5:37  Assimilator  
  59  5:39  Assimilator  
  59  5:40  Zealot, Probe  
  59  5:41  Zealot  
  64  5:44  Probe  
  64  5:49  Gateway  
  65  5:50  Gateway  
  57  6:01  Zealot  
  57  6:02  Zealot  
  54  6:05  Probe x2  
  46  6:17  Probe  
  46  6:18  Probe  
  48  6:29  Probe  
  48  6:30  Probe, Stalker x2  
  54  6:43  Robotics Facility  
  54  6:48  Zealot x2  
  58  6:55  Probe  
  58  6:56  Probe  
  58  6:58  Zealot x2  
  58  6:59  Protoss Shields Level 2  
  64  7:08  Probe x2  
  66  7:18  Gateway  
  66  7:20  Probe  
  66  7:21  Gateway, Probe, Protoss Air Armor Level 1  
  68  7:24  Zealot x2  
  68  7:25  Zealot x2  
  76  7:33  Probe  
  77  7:39  Pylon  
  77  7:41  Pylon  
  77  7:43  Pylon  
  77  7:50  Pylon  
  77  8:11  Pylon  
  77  8:18  Pylon  
  77  8:19  Pylon  
  77  8:21  Pylon, Nexus  
  77  8:22  Observer  
  76  8:37  Stalker x2  
  76  8:38  Stalker x2  
  80  8:44  Observer  
  79  8:50  Stargate  
  79  8:53  Probe x2  
  77  9:05  Observer, Probe x2  
  78  9:11  Photon Cannon  
  78  9:13  Photon Cannon  
  68  9:21  Photon Cannon  
  68  9:22  Photon Cannon  
  68  9:27  Photon Cannon  
  68  9:29  Protoss Air Weapons Level 1  
  68  9:35  Zealot x2  
  69  9:46  Zealot x2  
  73  10:05  Probe x2  
  73  10:06  Probe  
  76  10:08  Assimilator  
  76  10:10  Assimilator  
  76  10:17  Protoss Shields Level 3  
  76  10:20  Fleet Beacon  
  76  10:31  Zealot x3  
  76  10:32  Zealot  
  83  10:37  Zealot x2  
  87  10:56  Pylon  
  87  11:00  Pylon  
  87  11:03  Pylon  
  87  11:05  Pylon  
  87  11:07  Nexus  
  87  11:14  Zealot x3  
  87  11:15  Zealot x3  
  99  11:31  Protoss Air Armor Level 2  
  99  11:40  Pylon  
  98  11:49  Zealot x2  
  98  11:50  Zealot  
  98  11:52  Zealot x2  
  98  11:53  Zealot  
  110  12:00  Mothership  
  118  12:06  Stargate  
  118  12:07  Stargate  
  118  12:13  Stargate  
  118  12:19  Stargate  
  118  12:40  Carrier  
  124  12:51  Photon Cannon  
  124  12:53  Photon Cannon  
  124  12:55  Photon Cannon  
  124  12:58  Photon Cannon  
  124  12:59  Protoss Ground Armor Level 1  
  124  13:00  Photon Cannon  
  124  13:03  Photon Cannon  
  106  13:20  Carrier  
  106  13:21  Carrier  
  102  13:30  Assimilator  
  102  13:33  Carrier  
  102  13:34  Assimilator  
  102  13:38  Protoss Air Weapons Level 2  
  98  13:53  Carrier  
  98  14:00  Carrier  
  116  14:31  Carrier  
  116  14:33  Carrier  
  122  14:54  Carrier  
  128  15:15  Carrier  
  128  15:19  Carrier  
  140  15:32  Carrier  
  146  15:43  Carrier  
  152  16:06  Protoss Air Armor Level 3  
  152  16:15  Carrier  
  157  16:19  Carrier  
  161  16:31  Carrier  
  155  16:57  Nexus  
  155  17:03  Pylon  
  155  17:29  Photon Cannon  
  155  17:30  Probe x2  
  155  17:33  Photon Cannon  
  157  17:38  Photon Cannon, Probe  
  157  17:42  Probe  
  159  17:53  Pylon  
  159  17:55  Pylon  
  137  17:59  Pylon  
  107  18:18  Mothership  
  109  18:37  Carrier  
  115  18:50  Probe x2  
  117  19:02  Probe x2  
  119  19:04  Protoss Air Weapons Level 3, Carrier  
  119  19:16  Carrier  
  107  19:27  Carrier  
  107  19:29  Carrier  
  107  19:32  Observer  
  120  19:40  Carrier  
  126  19:54  Observer  
  126  19:58  Carrier  
  115  20:10  Carrier  
  115  20:29  Carrier  
  117  20:56  Carrier x2  
  127  21:02  Carrier  
  133  21:11  Assimilator  
  133  21:15  Assimilator  
  133  21:46  Pylon, Nexus  
  133  21:48  Pylon  
  133  21:50  Pylon, Assimilator x2  
  133  22:27  Carrier x3  
  151  22:35  Carrier  
  157  23:02  Photon Cannon  
  157  23:07  Photon Cannon  
  157  23:09  Photon Cannon  
  157  23:11  Photon Cannon  
  157  23:15  Photon Cannon  
  157  23:18  Photon Cannon  
  157  23:41  Nexus  
  157  23:44  Pylon  
  157  23:46  Pylon  
  151  23:49  Pylon  
  125  24:25  Photon Cannon  
  125  24:26  Photon Cannon  
  125  24:29  Photon Cannon  
  125  24:30  Photon Cannon  
  125  24:32  Photon Cannon  
  125  24:34  Photon Cannon  
  125  24:37  Photon Cannon  
Show
View Real Time Build Order
Export as new Build Order

MiuGu Zerg 

Build Orders: 3 Hatch before Pool, Zergling Baneling 

Get SALT Encoding   

  12  0:01  Drone  
  13  0:13  Overlord  
  13  0:17  Drone  
  14  0:32  Drone x2  
  16  0:53  Drone  
  16  0:54  Drone  
  18  1:10  Extractor  
  18  1:11  Hatchery  
  16  1:15  Drone x2  
  19  1:36  Hatchery  
  19  1:39  Spawning Pool  
  17  1:43  Drone x3  
  20  1:56  Overlord  
  20  2:15  Drone  
  21  2:27  Hatchery  
  20  2:35  Baneling Nest  
  19  2:39  Zergling x6  
  19  2:41  Queen  
  24  2:57  Overlord  
  24  3:05  Drone x3  
  27  3:12  Metabolic Boost  
  27  3:15  Queen, Overlord  
  29  3:23  Baneling x2  
  29  3:24  Baneling  
  29  3:26  Zergling x2  
  30  3:27  Zergling x2  
  30  3:30  Zergling x2  
  32  3:45  Drone  
  32  3:46  Drone x4  
  37  3:57  Queen  
  39  4:04  Drone x4  
  39  4:07  Drone  
  39  4:09  Drone  
  45  4:13  Baneling  
  45  4:14  Baneling x4  
  45  4:37  Zergling x2  
  45  4:38  Zergling x8  
  50  4:41  Overlord x3  
  50  5:13  Zergling x22  
  61  5:26  Roach Warren  
  61  5:28  Evolution Chamber  
  59  5:36  Drone x7, Extractor  
  59  5:37  Spore Crawler, Extractor  
  59  5:40  Spore Crawler  
  53  5:59  Zergling x2  
  53  6:00  Zergling x16  
  49  6:20  Drone x7  
  56  6:29  Zerg Missile Weapons Level 1  
  56  6:30  Lair  
  49  6:50  Drone x9  
  56  7:05  Queen  
  56  7:06  Queen  
  56  7:08  Hatchery  
  59  7:22  Overlord x3  
  59  7:24  Drone x4  
  59  7:25  Drone x3  
  59  7:29  Spore Crawler  
  65  7:33  Extractor  
  65  7:34  Extractor  
  65  7:35  Drone  
  65  7:36  Drone x2  
  66  7:41  Drone x9  
  75  8:09  Roach x7  
  77  8:20  Roach x8  
  84  8:38  Roach x9  
  88  9:06  Roach x6  
  88  9:09  Overlord x4  
  92  9:35  Extractor  
  91  9:41  Spire  
  91  9:44  Infestation Pit  
  83  9:51  Spore Crawler  
  72  9:55  Extractor  
  72  9:56  Extractor  
  66  10:00  Roach x10  
  66  10:01  Roach x5  
  66  10:05  Overseer  
  96  10:11  Queen  
  98  10:19  Drone  
  98  10:20  Drone x5  
  104  10:44  Queen  
  106  10:51  Drone x10  
  106  10:52  Drone x6  
  122  11:00  Hive  
  122  11:05  Zerg Flyer Armor Level 1  
  122  11:06  Drone  
  122  11:08  Centrifical Hooks  
  122  11:11  Zergling x10  
  128  11:14  Overlord x4  
  128  11:35  Overseer  
  128  12:06  Zerg Missile Weapons Level 2  
  128  12:11  Evolution Chamber  
  127  12:16  Extractor  
  127  12:18  Extractor  
  127  12:19  Drone x2  
  127  12:20  Drone x5  
  132  12:31  Baneling x10  
  132  12:42  Corruptor x4  
  132  12:43  Corruptor x7  
  152  12:49  Overlord x6  
  129  13:35  Roach x4  
  129  13:36  Roach x6  
  129  13:37  Roach x17  
  179  13:43  Drone  
  179  13:44  Drone x9  
  189  13:52  Spine Crawler  
  189  13:53  Spine Crawler  
  189  13:54  Spine Crawler x2  
  185  14:07  Spine Crawler  
  185  14:09  Spine Crawler, Spore Crawler, Drone  
  187  14:10  Spine Crawler, Drone x8  
  187  14:13  Spine Crawler  
  187  14:16  Greater Spire  
  189  14:29  Zerg Missile Weapons Level 3  
  189  14:32  Zerg Melee Weapons Level 1  
  189  14:45  Hatchery  
  188  15:08  Drone x4  
  192  15:20  Drone  
  193  15:26  Hatchery  
  192  15:31  Brood Lord x3  
  192  15:32  Brood Lord  
  136  16:42  Corruptor x7  
  136  16:43  Corruptor x20  
  136  16:44  Corruptor  
  162  16:52  Zerg Flyer Armor Level 2  
  140  16:59  Spire  
  139  17:05  Corruptor x3  
  145  17:17  Overseer x3  
  145  17:23  Pneumatized Carapace  
  145  17:25  Zerg Melee Weapons Level 2  
  145  17:27  Zergling x22  
  145  17:28  Zergling x2  
  136  18:00  Corruptor x9  
  136  18:01  Corruptor  
  111  18:23  Corruptor x6  
  115  18:35  Corruptor x3  
  113  18:58  Corruptor x4  
  105  19:15  Corruptor x3  
  105  19:16  Corruptor  
  93  19:26  Corruptor  
  93  19:27  Corruptor  
  93  19:29  Spore Crawler  
  94  19:34  Spore Crawler  
  93  19:41  Corruptor x2  
  87  20:13  Zergling x38  
  103  20:40  Corruptor x4  
  103  20:41  Corruptor x3  
  98  20:59  Corruptor x3  
  103  21:13  Corruptor  
  105  21:27  Hatchery  
  105  21:32  Corruptor  
  104  21:36  Hatchery  
  105  21:52  Overseer x2  
  105  21:53  Corruptor  
  105  21:54  Corruptor  
  107  22:00  Corruptor  
  111  22:07  Corruptor  
  113  22:19  Corruptor  
  113  22:20  Corruptor  
  117  22:48  Corruptor  
  117  22:49  Corruptor x3  
  125  22:55  Zerg Flyer Weapons Level 1  
  124  23:17  Spore Crawler  
  123  23:20  Spore Crawler x2  
  123  23:22  Spore Crawler  
  94  23:59  Corruptor x6  
  94  24:00  Corruptor x2  
  88  24:07  Corruptor x2  
  82  24:27  Zergling x10  
Tags
 
Add a new tag
Caveats
  • Supply blocks, unpowered buildings, or Contaminate may cause inaccurate times.
  • Supply counts are checked every 10 seconds.